 Dungeon Crawl Stone Soup version 0.27-a0-1312-g5cdb2b3542 (webtiles) character file.

Game seed: 12357262315729110822

60 bobarctor the Grave Robber (level 3, -2/19 HPs)
             Began as a Deep Elf Necromancer on June 19, 2021.
             Killed from afar by an orc wizard (10 damage)
             ... with a puff of flame
             ... on level 2 of the Dungeon.
             The game lasted 00:08:26 (2190 turns).

bobarctor the Grave Robber (Deep Elf Necromancer)   Turns: 2190, Time: 00:08:27

Health: -2/19      AC:  2    Str:  5    XL:     3   Next: 82%
Magic:  5/10       EV: 12    Int: 20    God:
Gold:   134        SH:  0    Dex: 15    Spells: 5/10 levels left

rFire    . . .     SeeInvis .   c - +3 dagger
rCold    . . .     Faith    .   (no shield)
rNeg     . . .     Spirit   .   a - +0 robe
rPois    .         Reflect  .   (no helmet)
rElec    .         Harm     .   (no cloak)
rCorr    .         Rampage  .   (no gloves)
Will     .....                  (no boots)
Stlth    +.........             (no amulet)
HPRegen  0.06/turn              (no ring)
MPRegen  0.12/turn              (no ring)

@: confused
A: no striking features
a: no special abilities


You were on level 2 of the Dungeon.
You visited 1 branch of the dungeon, and saw 2 of its levels.

You collected 134 gold pieces.

Inventory:

Hand Weapons
 b - a +0 hand axe
 c - a +3 dagger (weapon)
Missiles
 f - 27 arrows
 h - 29 stones (quivered)
Armour
 a - a +0 robe (worn)
Scrolls
 d - a scroll of enchant armour {unknown}
 g - a scroll of fog {unknown}
 i - a scroll of amnesia {unknown}
 j - a scroll of magic mapping {unknown}
 k - a scroll of teleportation {unknown}
 l - 2 scrolls of noise {unknown}
Potions
 e - a potion of degeneration {unknown}


   Skills:
 + Level 1.0 Short Blades
 + Level 2.5 Dodging
 + Level 2.8 Stealth
 * Level 4.4 Spellcasting
 + Level 5.3 Necromancy


You had 5 spell levels left.
You knew the following spells:

 Your Spells              Type           Power      Damage    Failure   Level
a - Pain                  Necr           100%       1d9       1%          1
b - Animate Skeleton      Necr           50%        N/A       1%          1
c - Vampiric Draining     Necr           12%        2d7       4%          3

Your spell library contained the following spells:

 Spells                   Type           Power      Damage    Failure   Level
 Animate Dead             Necr           12%        N/A       14%         4
 Agony                    Necr           25%        N/A       36%         5


Dungeon Overview and Level Annotations

Branches:
Dungeon (2/15)

Altars:


Message History

Press: ? - help, Q - select action, (/) - cycle Shift-Dir - straight line, f - orc
Aim: an orc, wielding a +0 club (asleep, 98% to hit)
You throw a stone.
The stone hits the orc but does no damage.
The orc shouts!
You start waiting.
An orc is nearby!
Casting: Pain (safe; 1% risk of failure)
Confirm with . or Enter, or press ? or * to list all spells.
Aiming: Pain (safe; 1% risk of failure)
Press: ? - help, Shift-Dir - straight line, f/p - orc
Aim: an orc, wielding a +0 club (chance to affect: 93%)
The orc writhes in agony.
Casting: Pain (safe; 1% risk of failure)
Confirm with . or Enter, or press ? or * to list all spells.
Aiming: Pain (safe; 1% risk of failure)
Press: ? - help, Shift-Dir - straight line, f/p - orc
Aim: an orc, wielding a +0 club (heavily wounded, chance to affect: 93%)
The orc writhes in agony.
You kill the orc!
The orc wizard gestures at you while chanting.
The puff of flame hits you!
Ouch! That really hurt!
* * * LOW HITPOINT WARNING * * *
Things that are here:
a +0 club; an orc corpse
Casting: Pain (safe; 1% risk of failure)
Confirm with . or Enter, or press ? or * to list all spells.
The spell is quite dangerous to cast (4% risk of failure)!
Continue anyway?
Aiming: Vampiric Draining (quite dangerous; 4% risk of failure)
Press: ? - help, Shift-Dir - straight line, f - orc wizard
Aim: an orc wizard, wielding a +0 dagger and wearing a +0 robe You draw life force from the orc wizard.
You feel life coursing into your body.
The orc wizard gestures at you while chanting.
You are confused.
The orc wizard gestures at you while chanting.
The puff of flame hits you!
Ouch! That really hurt!
You die...

#######.# #.#
#.# #. #.#
##.######
##.###. #.#
#.......#
#...... #.#
#######.#
##...... #.# #.#
#....... #.####
#.# #..>....
.(....########.#
#.......
...†...)o....#.#
#.......
?.....##)@.....#
##...... ..(..
#.###.###
#...... .... #.#
#.# #.....# ...
#.###.# #.....#
+# #.#...#
####### #.#.###
# #.#†# # #.#.#
# #.#.# #


You could see an orc wizard.

Vanquished Creatures
  An adder (D:2)
  3 dart slugs (D:1)
  2 orcs (D:2)
  6 endoplasms
  3 giant cockroaches
  A goblin (D:2)
  A hobgoblin (D:2)
  2 jackals (D:2)
  6 kobolds
  A quokka (D:1)
  4 ball pythons
  5 bats
  2 frilled lizards (D:2)
  6 rats
43 creatures vanquished.

Notes
Turn   | Place    | Note
-------+----------+-------------------------------------------
     0 | D:1      | bobarctor the Deep Elf Necromancer began the quest for the
                  | Orb.
     0 | D:1      | Reached XP level 1. HP: 10/10 MP: 6/6
   146 | D:1      | Reached skill level 5 in Necromancy
   508 | D:1      | Reached XP level 2. HP: 10/15 MP: 4/8
   510 | D:1      | Learned a level 1 spell: Animate Skeleton
  1319 | D:1      | Reached XP level 3. HP: 19/19 MP: 10/10
  1323 | D:1      | Learned a level 3 spell: Vampiric Draining
  1606 | D:2      | Reached skill level 1 in Short Blades
  2190 | D:2      | Killed from afar by an orc wizard

Illustrated notes

Levels and vault maps discovered:
D:1:      minmay_arrival_jagged, layout_basic, st_stairs_6,
          minmay_rat_gold_closets
D:2:      layout_basic, uniq_jessica

Skill      XL: |  1  2  3 |
---------------+----------+-----
Necromancy     | 5 |  5.3
Spellcasting   | 4 |  4.4
Short Blades   | 1 |  1.0
Dodging        | |  2.5
Stealth        | |  2.8

Action                   || total
-------------------------++-------
Melee: Dagger            ||    24
Throw: Stone             ||     5
 Cast: Pain              ||    44
       Vampiric Draining ||     2
 Stab: Sleeping          ||    14
Armor: Robe              ||     1
Dodge: Dodged            ||     4

Table legend: (Time is in decaauts)
 A = Elapsed time spent in this place.
 B = Non-inter-level travel time spent in this place.
 C = Inter-level travel time spent in this place.
 D = Time resting spent in this place.
 E = Time spent auto-exploring this place.
 F = Levels seen in this place.
 G = Mean time per level.
                   A        B        C        D        E       F      G
               +--------+--------+--------+--------+--------+-----+--------+
         Total |   2189 |   2189 |      0 |    635 |   1255 |   2 | 1094.5 |
       Dungeon |   2189 |   2189 |      0 |    635 |   1255 |   2 | 1094.5 |
               +--------+--------+--------+--------+--------+-----+--------+

Top non-repeatable levels by time:
     D:1: 1515 daAuts
     D:2: 674 daAuts
